Oilers vs Avalanche

Created - November-14-12 at 17:17

Goals
1 2 3 T
Oilers 1 1 2 4
Avalanche 0 1 0 1
Shots
1 2 3 T
Oilers 13 5 9 27
Avalanche 5 13 3 21

1st period

1. Oilers , Tomas Holmstrom 3 (Jochen Hecht, Jakub Voracek) at 5:09

Penalties :
Michael Del Zotto (COL) for Interference (Minor) at 0:04, Jason Pominville (EDM) for Holding (Minor) at 0:04, Steve Downie (COL) for High sticking (Minor) at 6:37, John Carlson (COL) for Hooking (Minor) at 13:46, Derek Roy (EDM) for High sticking (Minor) at 13:46

2nd period

2. Avalanche , Brayden Schenn 1 (Michael Del Zotto, Steve Downie) at 7:54
3. Oilers , Jason Pominville 8 (Chris Phillips, Dany Heatley) at 13:06

Penalties :
Chris Phillips (EDM) for Hooking (Minor) at 2:36, Jeff Schultz (EDM) for Roughing (Minor) at 10:42, Ryan White (COL) for Holding (Minor) at 18:13

3rd period

4. Oilers , Dany Heatley 10 (Derek Roy, Jason Pominville) at 11:42
5. Oilers , Jason Pominville 9 (Dany Heatley) at 12:42

Penalties :
Derek Roy (EDM) for Cross-checking (Minor) at 5:12, Jan Hejda (EDM) for Hooking (Minor) at 16:45

Goalie Stats

Kari Lehtonen (EDM), 20 saves from 21 shots - (0.952), W, 12-4-2, 60:00 minutes
Antti Niemi (COL), 23 saves from 27 shots - (0.852), L, 4-7-2, 60:00 minutes

Players Stats for Oilers

Player Name              G  A  P  +/- PIM S  H  SB GA TA FO     MP     PP MP  PK MP  
------------------------------------------------------------------------------------
Adam Burish              0  0  0   0  0   0  3  0  0  0  11/23  15:38   0:00   3:46 
Chris Phillips           0  1  1   1  2   1  1  0  0  0  0/0    19:41   2:07   2:00 
Dany Heatley             1  2  3   3  0   4  2  1  0  0  0/0    19:54   2:20   0:00 
Derek Roy                0  1  1   3  4   3  2  0  0  0  12/21  18:36   2:20   0:47 
Dustin Jeffrey           0  0  0   0  0   0  0  1  0  0  0/2     2:21   0:00   0:18 
Erik Gustafsson          0  0  0   0  0   1  1  0  0  0  0/0    21:47   2:07   3:35 
Jakub Voracek            0  1  1   0  0   2  0  0  0  0  0/2    20:18   1:38   0:00 
Jan Hejda                0  0  0   1  2   3  2  4  0  0  0/0    20:16   1:51   2:57 
Jason Pominville         2  1  3   3  2   7  0  0  0  0  3/4    22:54   2:20   3:01 
Jed Ortmeyer             0  0  0   0  0   0  0  0  0  0  0/0     0:00   0:00   0:00 
Jeff Schultz             0  0  0   2  2   0  0  1  0  0  0/0    19:03   0:00   1:57 
Jochen Hecht             0  1  1   0  0   0  1  0  0  0  10/20  20:13   1:38   1:54 
Lennart Petrell          0  0  0   0  0   0  0  0  0  0  1/1     1:59   0:00   0:00 
Nate Guenin              0  0  0   1  0   0  4  2  0  0  0/0    18:46   1:51   1:33 
Radek Dvorak             0  0  0   0  0   2  0  0  0  0  0/0    14:18   0:00   4:25 
Ruslan Fedotenko         0  0  0   0  0   3  0  0  0  0  0/1    14:02   0:00   2:10 
Scott Hannan             0  0  0   1  0   0  1  0  0  0  0/0    19:55   0:00   3:21 
Tomas Holmstrom          1  0  1   0  0   1  3  0  0  0  2/2    18:19   1:38   0:00 

Players Stats for Avalanche

Player Name              G  A  P  +/- PIM S  H  SB GA TA FO     MP     PP MP  PK MP  
------------------------------------------------------------------------------------
Brayden McNabb           0  0  0  -2  0   1  2  0  0  0  0/0    15:29   1:06   0:00 
Brayden Schenn           1  0  1  -2  0   1  4  0  0  0  6/13   13:11   0:18   0:00 
Derek Stepan             0  0  0  -1  0   2  5  0  0  0  3/11   19:19   3:54   1:34 
Devin Setoguchi          0  0  0  -1  0   0  0  0  0  0  0/0    15:59   3:44   0:00 
Jeff Skinner             0  0  0   0  0   3  0  0  0  0  8/19   17:50   3:54   0:00 
John Carlson             0  0  0   0  2   2  0  2  0  0  0/0    24:40   2:55   2:25 
Justin Abdelkader        0  0  0   0  0   1  0  0  0  0  2/6     5:04   0:00   0:00 
Kevin Shattenkirk        0  0  0  -2  0   0  0  0  0  0  0/0    17:02   4:13   0:00 
Kyle Turris              0  0  0  -1  0   3  0  0  0  0  13/19  19:08   3:44   1:34 
Marcus Johansson         0  0  0  -2  0   1  0  0  0  0  1/1    13:12   0:18   0:00 
Matt Halischuk           0  0  0   0  0   1  0  0  0  0  0/0     5:04   0:00   0:00 
Michael Del Zotto        0  1  1   0  2   0  2  1  0  0  0/0    22:33   2:55   1:33 
Michal Rozsival          0  0  0  -1  0   0  3  3  0  0  0/0    19:27   1:00   2:25 
Nicklas Lidstrom         0  0  0  -1  0   3  0  0  0  0  0/0    20:47   3:43   1:33 
Ryan White               0  0  0   0  2   0  0  0  0  0  1/1     5:03   0:00   0:00 
Steve Downie             0  1  1  -2  2   2  1  0  0  0  0/0    12:52   0:00   0:00 
T.J. Oshie               0  0  0   0  0   1  3  0  0  0  0/1    22:44   4:02   2:24 
Teemu Selanne            0  0  0   0  0   0  0  0  0  0  3/5    22:36   3:54   2:24 

3 Stars

1 - Dany Heatley (EDM)
2 - Jason Pominville (EDM)
3 - Kari Lehtonen (EDM)

Power Play

Oilers - 0 on 2 Attempt(s) - 0.00%
Avalanche - 0 on 4 Attempt(s) - 0.00%

Penalty Kill

Oilers - 4 on 4 Attempt(s) - 100.00% - Score 0 goal in Penalty Kill
Avalanche - 2 on 2 Attempt(s) - 100.00% - Score 0 goal in Penalty Kill

Official

Referees : Marc Joannette and Stephane Auger
Linesman : Jean Morin and Brian Mach

Game Notes

No Game Note

Finance

Level 1 -- Attendance: 6500 (100.00%) -- Ticket Income $650,000
Level 2 -- Attendance: 5000 (100.00%) -- Ticket Income $350,000
Level 3 -- Attendance: 3310 (94.57%) -- Ticket Income $165,500
Level 4 -- Attendance: 2007 (100.00%) -- Ticket Income $80,280
Luxury Box -- Attendance: 1000 (100.00%) -- Ticket Income $200,000
Game was played at the Pepsi Center
Total Attendance: 17817 (98.94%)
Total Ticket Income: $1,445,780
Other Income: $216,867
Total Income: $1,662,647


% Time on Ice - Oilers

Lines # - Real PCT - Wanted PCT - Time Play
Normal Forward
1 - 35% - 36% - 15:31
2 - 38% - 33% - 16:41
3 - 22% - 21% - 9:53
4 - 5% - 10% - 2:03
Normal Defense
1 - 31% - 37% - 13:50
2 - 34% - 30% - 15:10
3 - 30% - 28% - 13:23
4 - 4% - 5% - 1:45
PP Forward
1 - 59% - 58% - 2:20
2 - 41% - 42% - 1:38
PP Defense
1 - 53% - 57% - 2:07
2 - 47% - 43% - 1:51
PK Forward
1 - 59% - 55% - 4:43
2 - 41% - 45% - 3:13
PK Defense
1 - 56% - 53% - 4:26
2 - 44% - 47% - 3:30
PK3 Forward
1 - 0% - 55%
2 - 0% - 45%
PK3 Defense
1 - 0% - 60%
2 - 0% - 40%
44 Forward
1 - 50% - 60% - 1:59
2 - 50% - 40% - 1:59
44 Defense
1 - 50% - 60% - 1:59
2 - 50% - 40% - 1:59
Last Minute Offensive  - 0:00
Last Minute Defensive  - 0:00
Total
Forward - 60:00
Defense - 60:00

% Time on Ice - Avalanche

Lines # - Real PCT - Wanted PCT - Time Play
Normal Forward
1 - 32% - 35% - 13:56
2 - 28% - 30% - 12:15
3 - 29% - 25% - 12:53
4 - 11% - 10% - 5:04
Normal Defense
1 - 38% - 40% - 16:53
2 - 33% - 30% - 14:27
3 - 29% - 20% - 12:48
4 - 0% - 10% - 0:00
PP Forward
1 - 49% - 50% - 3:54
2 - 51% - 50% - 4:02
PP Defense
1 - 47% - 50% - 3:43
2 - 53% - 50% - 4:13
PK Forward
1 - 61% - 50% - 2:24
2 - 39% - 50% - 1:34
PK Defense
1 - 39% - 50% - 1:33
2 - 61% - 50% - 2:25
PK3 Forward
1 - 0% - 51%
2 - 0% - 49%
PK3 Defense
1 - 0% - 50%
2 - 0% - 50%
44 Forward
1 - 60% - 51% - 2:22
2 - 40% - 49% - 1:36
44 Defense
1 - 60% - 50% - 2:23
2 - 40% - 50% - 1:35
Last Minute Offensive  - 0:00
Last Minute Defensive  - 0:00
Total
Forward - 60:00
Defense - 60:00

Play by Play

1st period


0:01 of 1st period - Derek Roy wins face-off versus Jeff Skinner in neutral zone.
0:04 of 1st period - Minor Penalty to Michael Del Zotto for Interference.
0:04 of 1st period - Minor Penalty to Jason Pominville for Holding.
0:05 of 1st period - Adam Burish wins face-off versus Teemu Selanne in Avalanche zone.
0:18 of 1st period - Shot by Jakub Voracek.
0:18 of 1st period - Stopped by Antti Niemi with a rebound.
0:26 of 1st period - Shot by Jeff Schultz.
0:26 of 1st period - Shot Misses the Net.
0:36 of 1st period - Shot by Erik Gustafsson.
0:36 of 1st period - Shot Misses the Net.
1:16 of 1st period - Icing by Nate Guenin.
1:17 of 1st period - Lennart Petrell wins face-off versus Derek Stepan in Oilers zone.
1:17 of 1st period - Scott Hannan is hit by Derek Stepan and loses puck.
2:36 of 1st period - Shot by Dany Heatley.
2:36 of 1st period - Stopped by Antti Niemi without a rebound.
2:37 of 1st period - Jochen Hecht wins face-off versus Justin Abdelkader in Avalanche zone.
2:49 of 1st period - Off-side.
2:50 of 1st period - Jeff Skinner wins face-off versus Jochen Hecht in neutral zone.
2:59 of 1st period - Icing by Jakub Voracek.
3:00 of 1st period - Jochen Hecht wins face-off versus Kyle Turris in Oilers zone.
3:12 of 1st period - Icing by Derek Stepan.
3:13 of 1st period - Kyle Turris wins face-off versus Adam Burish in Avalanche zone.
3:18 of 1st period - Nicklas Lidstrom is hit by Adam Burish and loses puck.
3:56 of 1st period - Icing by Michal Rozsival.
3:57 of 1st period - Kyle Turris wins face-off versus Derek Roy in Avalanche zone.
4:03 of 1st period - Derek Stepan is hit by Nate Guenin and loses puck.
4:17 of 1st period - Off-side.
4:18 of 1st period - Jochen Hecht wins face-off versus T.J. Oshie in neutral zone.
4:23 of 1st period - Shot by Jakub Voracek.
4:23 of 1st period - Shot Misses the Net.
4:25 of 1st period - Shot by Jakub Voracek.
4:25 of 1st period - Shot Blocked by John Carlson.
4:27 of 1st period - Shot by Jan Hejda.
4:27 of 1st period - Stopped by Antti Niemi without a rebound.
4:28 of 1st period - Jeff Skinner wins face-off versus Derek Roy in Avalanche zone.
4:36 of 1st period - Shot by Teemu Selanne.
4:36 of 1st period - Shot Misses the Net.
4:38 of 1st period - Shot by Jeff Skinner.
4:38 of 1st period - Stopped by Kari Lehtonen without a rebound.
4:39 of 1st period - Tomas Holmstrom wins face-off versus Brayden Schenn in Oilers zone.
4:39 of 1st period - Tomas Holmstrom is hit by Brayden Schenn.
5:09 of 1st period - Shot by Tomas Holmstrom.
5:09 of 1st period - Goal by Tomas Holmstrom - Oilers : 1 - Avalanche : 0.
5:10 of 1st period - Derek Roy wins face-off versus Jeff Skinner in neutral zone.
5:44 of 1st period - Shot by John Carlson.
5:44 of 1st period - Stopped by Kari Lehtonen without a rebound.
5:45 of 1st period - Kyle Turris wins face-off versus Jochen Hecht in Oilers zone.
6:37 of 1st period - Minor Penalty to Steve Downie for High sticking.
6:38 of 1st period - Teemu Selanne wins face-off versus Derek Roy in Avalanche zone.
6:38 of 1st period - Teemu Selanne is hit by Derek Roy.
7:08 of 1st period - Shot by Derek Roy.
7:08 of 1st period - Stopped by Antti Niemi without a rebound.
7:09 of 1st period - Derek Roy wins face-off versus Derek Stepan in Avalanche zone.
7:12 of 1st period - Shot by Jason Pominville.
7:12 of 1st period - Stopped by Antti Niemi without a rebound.
7:13 of 1st period - Derek Stepan wins face-off versus Jochen Hecht in Avalanche zone.
7:32 of 1st period - Shot by Jan Hejda.
7:32 of 1st period - Stopped by Antti Niemi without a rebound.
7:33 of 1st period - Jason Pominville wins face-off versus Derek Stepan in Avalanche zone.
7:36 of 1st period - Shot by Dany Heatley.
7:36 of 1st period - Deflect By Jason Pominville.
7:36 of 1st period - Stopped by Antti Niemi with a rebound.
7:50 of 1st period - Shot by Dany Heatley.
7:50 of 1st period - Shot Misses the Net.
8:04 of 1st period - Shot by Derek Roy.
8:04 of 1st period - Shot Misses the Net.
8:42 of 1st period - Shot by Radek Dvorak.
8:42 of 1st period - Stopped by Antti Niemi without a rebound.
8:43 of 1st period - Adam Burish wins face-off versus Jeff Skinner in Avalanche zone.
8:43 of 1st period - Ruslan Fedotenko is hit by Brayden McNabb and loses puck.
9:12 of 1st period - Shot by Teemu Selanne.
9:12 of 1st period - Shot Blocked by Jan Hejda.
10:06 of 1st period - Shot by Derek Roy.
10:06 of 1st period - Stopped by Antti Niemi without a rebound.
10:07 of 1st period - Jochen Hecht wins face-off versus Kyle Turris in Avalanche zone.
10:44 of 1st period - Shot by Kyle Turris.
10:44 of 1st period - Shot Misses the Net.
11:24 of 1st period - Shot by Jeff Skinner.
11:24 of 1st period - Stopped by Kari Lehtonen without a rebound.
11:25 of 1st period - Brayden Schenn wins face-off versus Adam Burish in Oilers zone.
11:28 of 1st period - Shot by Steve Downie.
11:28 of 1st period - Stopped by Kari Lehtonen without a rebound.
11:29 of 1st period - Brayden Schenn wins face-off versus Derek Roy in Oilers zone.
12:00 of 1st period - Shot by Jan Hejda.
12:00 of 1st period - Shot Misses the Net.
12:02 of 1st period - Shot by Derek Roy.
12:02 of 1st period - Shot Misses the Net.
12:31 of 1st period - Icing by Jeff Schultz.
12:32 of 1st period - Adam Burish wins face-off versus Jeff Skinner in Oilers zone.
12:43 of 1st period - Shot by Radek Dvorak.
12:43 of 1st period - Deflect By Ruslan Fedotenko.
12:43 of 1st period - Shot Misses the Net.
12:45 of 1st period - Shot by Radek Dvorak.
12:45 of 1st period - Shot Blocked by Michael Del Zotto.
12:57 of 1st period - Shot by Ruslan Fedotenko.
12:57 of 1st period - Stopped by Antti Niemi without a rebound.
12:58 of 1st period - Kyle Turris wins face-off versus Jochen Hecht in Avalanche zone.
13:21 of 1st period - Shot by Jakub Voracek.
13:21 of 1st period - Shot Misses the Net.
13:25 of 1st period - Shot by Jakub Voracek.
13:25 of 1st period - Stopped by Antti Niemi without a rebound.
13:26 of 1st period - Derek Roy wins face-off versus Jeff Skinner in Avalanche zone.
13:46 of 1st period - Minor Penalty to John Carlson for Hooking.
13:46 of 1st period - Minor Penalty to Derek Roy for High sticking.
13:47 of 1st period - Adam Burish wins face-off versus Derek Stepan in Avalanche zone.
16:08 of 1st period - Shot by Matt Halischuk.
16:08 of 1st period - Stopped by Kari Lehtonen without a rebound.
16:09 of 1st period - Kyle Turris wins face-off versus Dustin Jeffrey in Oilers zone.
16:12 of 1st period - Shot by Kyle Turris.
16:12 of 1st period - Shot Misses the Net.
16:20 of 1st period - Icing by Kyle Turris.
16:21 of 1st period - Kyle Turris wins face-off versus Jochen Hecht in Avalanche zone.
16:29 of 1st period - Shot by Derek Stepan.
16:29 of 1st period - Shot Misses the Net.
17:26 of 1st period - Shot by Jason Pominville.
17:26 of 1st period - Shot Misses the Net.
17:28 of 1st period - Shot by Jeff Schultz.
17:28 of 1st period - Shot Misses the Net.
17:30 of 1st period - Shot by Dany Heatley.
17:30 of 1st period - Shot Blocked by John Carlson.
17:52 of 1st period - Off-side.
17:53 of 1st period - Jeff Skinner wins face-off versus Adam Burish in neutral zone.
18:08 of 1st period - Shot by Ruslan Fedotenko.
18:08 of 1st period - Stopped by Antti Niemi without a rebound.
18:09 of 1st period - Brayden Schenn wins face-off versus Jochen Hecht in Avalanche zone.
18:09 of 1st period - Kevin Shattenkirk is hit by Jochen Hecht and loses puck.
18:28 of 1st period - Shot by Marcus Johansson.
18:28 of 1st period - Shot Blocked by Jan Hejda.
19:17 of 1st period - Icing by Jochen Hecht.
19:18 of 1st period - Ryan White wins face-off versus Jochen Hecht in Oilers zone.
19:18 of 1st period - Michael Del Zotto is hit by Scott Hannan.
19:52 of 1st period - Shot by Justin Abdelkader.
19:52 of 1st period - Shot Misses the Net.

2nd period


0:01 of 2nd period - Jeff Skinner wins face-off versus Derek Roy in neutral zone.
1:27 of 2nd period - Shot by Marcus Johansson.
1:27 of 2nd period - Stopped by Kari Lehtonen without a rebound.
1:28 of 2nd period - Tomas Holmstrom wins face-off versus Kyle Turris in Oilers zone.
2:36 of 2nd period - Minor Penalty to Chris Phillips for Hooking.
2:37 of 2nd period - Adam Burish wins face-off versus Derek Stepan in Oilers zone.
2:46 of 2nd period - Shot by Jeff Skinner.
2:46 of 2nd period - Stopped by Kari Lehtonen with a rebound.
2:54 of 2nd period - Shot by Nicklas Lidstrom.
2:54 of 2nd period - Stopped by Kari Lehtonen without a rebound.
2:55 of 2nd period - Kyle Turris wins face-off versus Adam Burish in Oilers zone.
4:14 of 2nd period - Shot by Jeff Skinner.
4:14 of 2nd period - Shot Misses the Net.
4:23 of 2nd period - Icing by Michael Del Zotto.
4:24 of 2nd period - Jason Pominville wins face-off versus Derek Stepan in Avalanche zone.
4:56 of 2nd period - Shot by Brayden McNabb.
4:56 of 2nd period - Deflect By Steve Downie.
4:56 of 2nd period - Shot Blocked by Nate Guenin.
5:32 of 2nd period - Icing by John Carlson.
5:33 of 2nd period - Justin Abdelkader wins face-off versus Derek Roy in Avalanche zone.
5:57 of 2nd period - Shot by Dany Heatley.
5:57 of 2nd period - Stopped by Antti Niemi without a rebound.
5:58 of 2nd period - Adam Burish wins face-off versus Jeff Skinner in Avalanche zone.
5:59 of 2nd period - Shot by Jan Hejda.
5:59 of 2nd period - Stopped by Antti Niemi without a rebound.
6:00 of 2nd period - Adam Burish wins face-off versus Jeff Skinner in Avalanche zone.
6:02 of 2nd period - Ruslan Fedotenko is hit by Michal Rozsival and loses puck.
6:15 of 2nd period - Adam Burish is hit by T.J. Oshie and loses puck.
7:14 of 2nd period - Shot by Derek Stepan.
7:14 of 2nd period - Stopped by Kari Lehtonen without a rebound.
7:15 of 2nd period - Jochen Hecht wins face-off versus Brayden Schenn in Oilers zone.
7:24 of 2nd period - Shot by Michael Del Zotto.
7:24 of 2nd period - Shot Misses the Net.
7:36 of 2nd period - Shot by Marcus Johansson.
7:36 of 2nd period - Shot Blocked by Jeff Schultz.
7:54 of 2nd period - Shot by Brayden Schenn.
7:54 of 2nd period - Goal by Brayden Schenn - Oilers : 1 - Avalanche : 1.
7:55 of 2nd period - Derek Roy wins face-off versus Kyle Turris in neutral zone.
8:04 of 2nd period - Kevin Shattenkirk is hit by Dany Heatley and loses puck.
8:15 of 2nd period - Shot by Jason Pominville.
8:15 of 2nd period - Stopped by Antti Niemi without a rebound.
8:16 of 2nd period - Adam Burish wins face-off versus Jeff Skinner in Avalanche zone.
10:00 of 2nd period - Icing by Jan Hejda.
10:01 of 2nd period - Brayden Schenn wins face-off versus Adam Burish in Oilers zone.
10:08 of 2nd period - Shot by Brayden McNabb.
10:08 of 2nd period - Stopped by Kari Lehtonen without a rebound.
10:09 of 2nd period - Jeff Skinner wins face-off versus Derek Roy in Oilers zone.
10:19 of 2nd period - Icing by Nicklas Lidstrom.
10:20 of 2nd period - Jeff Skinner wins face-off versus Jakub Voracek in Avalanche zone.
10:26 of 2nd period - Teemu Selanne is hit by Nate Guenin and loses puck.
10:42 of 2nd period - Minor Penalty to Jeff Schultz for Roughing.
10:43 of 2nd period - Kyle Turris wins face-off versus Jason Pominville in Oilers zone.
11:51 of 2nd period - Jan Hejda is hit by Derek Stepan and loses puck.
12:10 of 2nd period - Shot by Derek Stepan.
12:10 of 2nd period - Shot Misses the Net.
12:12 of 2nd period - Shot by Michael Del Zotto.
12:12 of 2nd period - Shot Blocked by Dustin Jeffrey.
12:18 of 2nd period - Shot by Nicklas Lidstrom.
12:18 of 2nd period - Stopped by Kari Lehtonen without a rebound.
12:19 of 2nd period - Kyle Turris wins face-off versus Adam Burish in Oilers zone.
12:28 of 2nd period - Shot by Kevin Shattenkirk.
12:28 of 2nd period - Shot Blocked by Jan Hejda.
12:40 of 2nd period - Shot by John Carlson.
12:40 of 2nd period - Stopped by Kari Lehtonen without a rebound.
12:41 of 2nd period - Teemu Selanne wins face-off versus Ruslan Fedotenko in Oilers zone.
12:59 of 2nd period - Jason Pominville is hit by Michal Rozsival and loses puck.
13:06 of 2nd period - Shot by Jason Pominville.
13:06 of 2nd period - Goal by Jason Pominville - Oilers : 2 - Avalanche : 1.
13:07 of 2nd period - Jochen Hecht wins face-off versus Justin Abdelkader in neutral zone.
13:17 of 2nd period - Icing by Michael Del Zotto.
13:18 of 2nd period - Adam Burish wins face-off versus Justin Abdelkader in Avalanche zone.
13:18 of 2nd period - Adam Burish is hit by Michael Del Zotto.
13:24 of 2nd period - Icing by John Carlson.
13:25 of 2nd period - Justin Abdelkader wins face-off versus Jochen Hecht in Avalanche zone.
13:25 of 2nd period - Justin Abdelkader is hit by Tomas Holmstrom.
14:51 of 2nd period - Shot by Nicklas Lidstrom.
14:51 of 2nd period - Stopped by Kari Lehtonen without a rebound.
14:52 of 2nd period - Kyle Turris wins face-off versus Adam Burish in Oilers zone.
14:57 of 2nd period - Shot by Kyle Turris.
14:57 of 2nd period - Shot Blocked by Nate Guenin.
14:59 of 2nd period - Shot by Kyle Turris.
14:59 of 2nd period - Stopped by Kari Lehtonen without a rebound.
15:00 of 2nd period - Derek Roy wins face-off versus Kyle Turris in Oilers zone.
16:57 of 2nd period - Teemu Selanne is hit by Jan Hejda and loses puck.
17:23 of 2nd period - Shot by Steve Downie.
17:23 of 2nd period - Stopped by Kari Lehtonen without a rebound.
17:24 of 2nd period - Derek Roy wins face-off versus Brayden Schenn in Oilers zone.
17:24 of 2nd period - Derek Roy is hit by Brayden Schenn.
18:13 of 2nd period - Minor Penalty to Ryan White for Holding.
18:14 of 2nd period - Teemu Selanne wins face-off versus Jakub Voracek in Avalanche zone.
18:27 of 2nd period - Shot by Chris Phillips.
18:27 of 2nd period - Stopped by Antti Niemi without a rebound.
18:28 of 2nd period - Jochen Hecht wins face-off versus Derek Stepan in Avalanche zone.
18:54 of 2nd period - Erik Gustafsson is hit by Derek Stepan and loses puck.
18:59 of 2nd period - Shot by Kyle Turris.
18:59 of 2nd period - Stopped by Kari Lehtonen with a rebound.
19:01 of 2nd period - Shot by Michael Del Zotto.
19:01 of 2nd period - Deflect By Derek Stepan.
19:01 of 2nd period - Shot Misses the Net.
19:09 of 2nd period - Shot by Kyle Turris.
19:09 of 2nd period - Stopped by Kari Lehtonen without a rebound.
19:10 of 2nd period - Derek Roy wins face-off versus Teemu Selanne in Oilers zone.
19:25 of 2nd period - Shot by Derek Roy.
19:25 of 2nd period - Shot Misses the Net.
19:27 of 2nd period - Shot by Jan Hejda.
19:27 of 2nd period - Shot Misses the Net.

3rd period


0:01 of 3rd period - Derek Stepan wins face-off versus Derek Roy in neutral zone.
0:36 of 3rd period - Icing by John Carlson.
0:37 of 3rd period - Jason Pominville wins face-off versus Justin Abdelkader in Avalanche zone.
0:37 of 3rd period - Dany Heatley is hit by Michael Del Zotto and loses puck.
0:46 of 3rd period - Shot by Justin Abdelkader.
0:46 of 3rd period - Stopped by Kari Lehtonen without a rebound.
0:47 of 3rd period - Derek Roy wins face-off versus Jeff Skinner in Oilers zone.
1:20 of 3rd period - Shot by Jason Pominville.
1:20 of 3rd period - Shot Blocked by Michal Rozsival.
1:22 of 3rd period - Shot by Erik Gustafsson.
1:22 of 3rd period - Stopped by Antti Niemi with a rebound.
2:32 of 3rd period - Icing by Michael Del Zotto.
2:33 of 3rd period - Kyle Turris wins face-off versus Adam Burish in Avalanche zone.
2:50 of 3rd period - Shot by Ruslan Fedotenko.
2:50 of 3rd period - Shot Misses the Net.
3:02 of 3rd period - Shot by Ruslan Fedotenko.
3:02 of 3rd period - Stopped by Antti Niemi without a rebound.
3:03 of 3rd period - Jeff Skinner wins face-off versus Derek Roy in Avalanche zone.
3:19 of 3rd period - Shot by Jason Pominville.
3:19 of 3rd period - Stopped by Antti Niemi with a rebound.
3:31 of 3rd period - Shot by Jason Pominville.
3:31 of 3rd period - Stopped by Antti Niemi without a rebound.
3:32 of 3rd period - Adam Burish wins face-off versus Brayden Schenn in Avalanche zone.
3:33 of 3rd period - Shot by Radek Dvorak.
3:33 of 3rd period - Stopped by Antti Niemi without a rebound.
3:34 of 3rd period - Brayden Schenn wins face-off versus Jochen Hecht in Avalanche zone.
3:34 of 3rd period - Brayden Schenn is hit by Tomas Holmstrom.
3:47 of 3rd period - Michael Del Zotto is hit by Tomas Holmstrom and loses puck.
4:28 of 3rd period - Michael Del Zotto is hit by Chris Phillips and loses puck.
5:12 of 3rd period - Minor Penalty to Derek Roy for Cross-checking.
5:13 of 3rd period - Adam Burish wins face-off versus Derek Stepan in Oilers zone.
5:44 of 3rd period - Shot by Nicklas Lidstrom.
5:44 of 3rd period - Shot Blocked by Jan Hejda.
6:32 of 3rd period - Icing by T.J. Oshie.
6:33 of 3rd period - Kyle Turris wins face-off versus Adam Burish in Avalanche zone.
7:40 of 3rd period - Icing by Jakub Voracek.
7:41 of 3rd period - Jochen Hecht wins face-off versus Brayden Schenn in Oilers zone.
8:04 of 3rd period - Jason Pominville is hit by Brayden Schenn and loses puck.
8:59 of 3rd period - Shot by T.J. Oshie.
8:59 of 3rd period - Stopped by Kari Lehtonen without a rebound.
9:00 of 3rd period - Kyle Turris wins face-off versus Adam Burish in Oilers zone.
9:26 of 3rd period - Shot by Devin Setoguchi.
9:26 of 3rd period - Shot Misses the Net.
9:30 of 3rd period - Shot by Derek Stepan.
9:30 of 3rd period - Stopped by Kari Lehtonen without a rebound.
9:31 of 3rd period - Jochen Hecht wins face-off versus Brayden Schenn in Oilers zone.
9:31 of 3rd period - Jochen Hecht is hit by Brayden Schenn.
9:34 of 3rd period - Jakub Voracek is hit by Steve Downie and loses puck.
9:42 of 3rd period - Jeff Schultz is hit by Brayden McNabb and loses puck.
10:28 of 3rd period - Nicklas Lidstrom is hit by Adam Burish and loses puck.
11:01 of 3rd period - Shot by Radek Dvorak.
11:01 of 3rd period - Shot Blocked by Michal Rozsival.
11:03 of 3rd period - Shot by Adam Burish.
11:03 of 3rd period - Shot Misses the Net.
11:12 of 3rd period - Icing by Michal Rozsival.
11:13 of 3rd period - Derek Roy wins face-off versus Jeff Skinner in Avalanche zone.
11:18 of 3rd period - Shot by Dany Heatley.
11:18 of 3rd period - Stopped by Antti Niemi without a rebound.
11:19 of 3rd period - Derek Roy wins face-off versus Kyle Turris in Avalanche zone.
11:36 of 3rd period - Shot by Jason Pominville.
11:36 of 3rd period - Shot Misses the Net.
11:42 of 3rd period - Shot by Dany Heatley.
11:42 of 3rd period - Goal by Dany Heatley - Oilers : 3 - Avalanche : 1.
11:43 of 3rd period - Jochen Hecht wins face-off versus Brayden Schenn in neutral zone.
12:40 of 3rd period - Shot by Dany Heatley.
12:40 of 3rd period - Shot Misses the Net.
12:42 of 3rd period - Shot by Jason Pominville.
12:42 of 3rd period - Goal by Jason Pominville - Oilers : 4 - Avalanche : 1.
12:43 of 3rd period - Derek Roy wins face-off versus Jeff Skinner in neutral zone.
12:43 of 3rd period - Derek Roy is hit by T.J. Oshie.
13:10 of 3rd period - Icing by Jeff Skinner.
13:11 of 3rd period - Jeff Skinner wins face-off versus Adam Burish in Avalanche zone.
13:11 of 3rd period - Jeff Skinner is hit by Adam Burish.
14:03 of 3rd period - Michal Rozsival is hit by Derek Roy.
14:12 of 3rd period - Jason Pominville is hit by Michal Rozsival and loses puck.
14:15 of 3rd period - Shot by Chris Phillips.
14:15 of 3rd period - Shot Blocked by Michal Rozsival.
14:17 of 3rd period - Shot by Derek Roy.
14:17 of 3rd period - Stopped by Antti Niemi without a rebound.
14:18 of 3rd period - Brayden Schenn wins face-off versus Jochen Hecht in Avalanche zone.
15:03 of 3rd period - Icing by Kevin Shattenkirk.
15:04 of 3rd period - Marcus Johansson wins face-off versus Dustin Jeffrey in Avalanche zone.
15:22 of 3rd period - Jeff Skinner is hit by Nate Guenin and loses puck.
15:30 of 3rd period - T.J. Oshie is hit by Nate Guenin.
15:36 of 3rd period - Shot by Jeff Skinner.
15:36 of 3rd period - Shot Blocked by Dany Heatley.
16:26 of 3rd period - Nicklas Lidstrom is hit by Dany Heatley and loses puck.
16:37 of 3rd period - Jan Hejda is hit by Derek Stepan.
16:41 of 3rd period - Jan Hejda is hit by Derek Stepan and loses puck.
16:45 of 3rd period - Minor Penalty to Jan Hejda for Hooking.
16:46 of 3rd period - Derek Stepan wins face-off versus Adam Burish in Oilers zone.
17:57 of 3rd period - Chris Phillips is hit by T.J. Oshie and loses puck.
19:29 of 3rd period - Matt Halischuk is hit by Erik Gustafsson and loses puck.
19:59 of 3rd period - Marcus Johansson is hit by Jan Hejda.


Output by the SimonT Hockey Simulator (STHS) for Stephane Roy -- Original Page W3C XHTML 1.0 Valid
Hockey Simulator - Hockey Simulation - Hockey Manager